[Event "44th Chess Olympiad Women 2022"]
[Site "Chennai"]
[Date "2022.08.07"]
[Round "9.19"]
[White "Paredes Bustamante, Paula Elizab"]
[Black "Avila Fraire, Ameyalli"]
[Result "1/2-1/2"]
[WhiteElo "2162"]
[BlackElo "1907"]
[Annotator "RC"]
[PlyCount "155"]
[EventDate "2022.??.??"]
[TimeControl "60"]

1. d4 Nf6 2. Bf4 d5 3. e3 e6 4. Nf3 c5 5. c3 Qb6 6. Qc2 Nc6 7. h3 Be7 8. Nbd2 O-O 9. Ne5 a5 10. g4 Nd7 11. Bd3 f5 12. gxf5 Ndxe5 13. dxe5 exf5 14. Nf3 Be6 15. Rg1 d4 16. Ng5 Bxg5 17. Rxg5 c4 18.
Bxf5 Bxf5 19. Rxf5 d3 20. Rxf8+ Rxf8 21. Qd2 Qc5 22. b3 b5 23. O-O-O Nxe5 24. Bxe5 Qxe5 25. f4 Qe6 26. h4 Rc8 27. Kb2 Qf6 28. e4 b4 29. e5 bxc3+ 30. Qxc3 Qxf4 31. Rxd3 Rb8 32. Rd4 Qf2+ 33. Ka3 cxb3 34. axb3 Qf8+ 35. Rd6 Qe7 36. h5 Re8 37. Qc4+ Kh8 38. Qc5 h6 39. e6 Qf6 40. Ka2 Qg5 41. Rd5 Qg2+ 42. Ka3 Qe4 43.
Re5 Qh1 44. Kb2 Qg2+ 45. Kc3 Rd8 46. Qe3 Rc8+ 47. Rc5 Rxc5+ 48. Qxc5 Qh3+ 49. Kb2 Qxe6 50. Qxa5 Qe2+ 51. Ka3 Qd1 52. Qa8+ Kh7 53. Qe4+ Kh8 54. Qe8+ Kh7 55. Qg6+ Kh8 56. b4 Qa1+ 57. Kb3 Qd1+ 58. Kc4 Qe2+ 59. Kc5 Qe3+ 60. Kb5 Qe2+ 61. Ka5 Qa2+ 62. Kb6 Qf2+ 63. Kb7 Qf3+ 64. Qc6 Qf7+ 65. Kb6 Qf2+ 66. Qc5 Qf6+ 67. Ka7 Qf7+ 68. Ka6 Qa2+ 69. Qa5 Qe6+ 70. Qb6 Qa2+ 71. Kb7 Qf7+ 72. Ka8 Qd5+ 73. Qb7 Qa2+ 74. Kb8 Qh2+ 75. Ka8 Qa2+ 76. Kb8 Qh2+ 77. Ka7 Qa2+ 78. Kb8 1/2-1/2

[Event "44th Chess Olympiad Women 2022"]
[Site "Chennai"]
[Date "2022.08.07"]
[Round "9.20"]
[White "Asgharzadeh, Mitra"]
[Black "Matute Escobar, Roxanny"]
[Result "0-1"]
[WhiteElo "1988"]
[BlackElo "1834"]
[Annotator "NA"]
[PlyCount "78"]
[EventDate "2022.??.??"]
[TimeControl "60"]

1. d4 Nf6 2. Bf4 g6 3. Nc3 Bg7 4. e4 d6 5. Qd2 O-O 6. O-O-O Nbd7 7. f3 c6 8. g4 b5 9. h4 Qa5 10. Kb1 b4 11. Nce2 e5 12. Bh6 Nb6 13.
Nc1 Na4 14. Nb3 Qc7 15. h5 Be6 16. Bxg7 Kxg7 17. hxg6 fxg6 18. dxe5 dxe5 19. Qxb4 Rad8 20. Bd3 Bxb3 21. axb3 Nb6 22. Nh3 a5 23. Qc3 a4 24. Ng5 Qe7 25. f4 h6 26. fxe5 Nxg4 27. e6+ Rf6 28.
e5 Rf4 29. Nf7 Ra8 30. Bc4 axb3 31. cxb3 Nxc4 32. Rd7 Qxe6 33. Nd6+ Kg8 34. Rc7 Nxd6 35. Qxc6 Qf5+ 36. Kc1 Ra1+ 37. Kd2 Rf2+ 38. Kc3 Qxe5+ 39. Kd3 Qe3# 0-1

[Event "44th Chess Olympiad Women 2022"]
[Site "Chennai"]
[Date "2022.08.07"]
[Round "9.20"]
[White "Mahdian, Anousha"]
[Black "Otazo Sanchez, Annyd Gabriela"]
[Result "1-0"]
[WhiteElo "2161"]
[BlackElo "1932"]
[Annotator "ChessBase"]
[PlyCount "91"]
[EventDate "2022.??.??"]
[TimeControl "60"]

1. d4 Nf6 2. c4 g6 3. Nc3 Bg7 4. e4 d6 5. Be2 O-O 6. Be3 c5 7. d5 e6 8. Nf3 exd5 9. cxd5 b5 10. e5 Ng4 11. Bg5 Qa5 12. O-O b4 13. Nb5 Nxe5 14. Nxd6 Ba6 15. Bxa6 Qxa6 16. Be7 Nbd7 17. Bxf8 Rxf8 18. Ne4 Nxf3+ 19. Qxf3 Bxb2 20. Rab1 Bd4 21. Qh3 Nf6 22. Nxf6+ Qxf6 23. Qd7 a6 24. Rbe1 Kg7 25. Re8 Rxe8 26. Qxe8 Qd6 27. Qc6 Be5 28. g3 a5 29. Rc1 a4 30. Rxc5 b3 31. axb3 axb3 32. Qxd6 Bxd6 33. Rb5 f5 34. Rxb3 Kf6 35. f4 g5 36. Rb6 Ke7 37. Rb7+ Kf6 38. fxg5+ Kxg5 39. Rxh7 f4 40. Rd7 Be5 41. Kg2 fxg3 42. hxg3 Kg4 43. Re7 Kf5 44. Kf3 Bd6 45. Re8 Bc7 46. g4+ 1-0

[Event "44th Chess Olympiad Women 2022"]
[Site "Chennai"]
[Date "2022.08.07"]
[Round "9.20"]
[White "Perez Hernandez, Vicmary C."]
[Black "Zahedifar, Anahita"]
[Result "0-1"]
[WhiteElo "1862"]
[BlackElo "2160"]
[Annotator "RC"]
[PlyCount "74"]
[EventDate "2022.??.??"]
[TimeControl "60"]

1. e4 c6 2. d4 d5 3. Nc3 dxe4 4. Nxe4 Bf5 5. Ng3 Bg6 6. h4 h6 7. Nf3 e6 8. h5 Bh7 9. Bd3 Bxd3 10. Qxd3 Nf6 11. Bd2 c5 12. Qb5+ Qd7 13. Qxd7+ Nbxd7 14. Rd1 cxd4 15. Nxd4 Bc5 16. Nb3 Bd6 17. Ne2 Rc8 18. Nc3 Be5 19. Rh3 O-O 20. f4 Bb8 21. Nd4 Nb6 22. b3 Rc5 23.
Nce2 Rxh5 24. Rxh5 Nxh5 25. c4 a6 26. Ba5 Nc8 27. g3 Nf6 28.
c5 Ne7 29. b4 Ned5 30. a4 Ne4 31. Rc1 g5 32. fxg5 hxg5 33. g4 Kg7 34. b5 Rh8 35. Ng1 Bf4 36. Rb1 Nxc5 37. Kf2 Be3+ 0-1

[Event "44th Chess Olympiad Women 2022"]
[Site "Chennai"]
[Date "2022.08.07"]
[Round "9.20"]
[White "Varela La Madrid, Tilsia Carolina"]
[Black "Alinasab, Mobina"]
[Result "1/2-1/2"]
[WhiteElo "2079"]
[BlackElo "2364"]
[Annotator "RC"]
[PlyCount "175"]
[EventDate "2022.??.??"]
[TimeControl "60"]

1. e4 c5 2. c3 d5 3. exd5 Qxd5 4. d4 g6 5. Nf3 Bg7 6. Na3 cxd4 7. Bc4 Qe4+ 8. Be3 Nh6 9. cxd4 O-O 10. O-O Nf5 11. Re1 Qg4 12. h3 Nxe3 13. Rxe3 Qd7 14. Ne5 Qd8 15. Qf3 e6 16. Rd1 Qf6 17. Qe4 Nd7 18. Rf3 Qe7 19. Nb5 a6 20. Nc3 Nf6 21. Qh4 b5 22. Bd3 Bb7 23. Be4 b4 24. Bxb7 Qxb7 25. Na4 h6 26. Nc5 Qd5 27. Rxf6 g5 28. Qh5 Bxf6 29. Ncd7 Bg7 30. Nb6 Qb7 31. Nxa8 Rxa8 32. Rd3 Qc7 33. Rf3 f5 34. Qg6 Qe7 35. Nc6 Qf7 36. Qxf7+ Kxf7 37. Nxb4 Bxd4 38. b3 Kf6 39. Rd3 Bc5 40. Nc6 Rc8 41. Na5 e5 42. Nc4 Bd4 43. Kf1 Ke6 44. Ke2 h5 45. Rd1 Bc5 46. f3 Rg8 47. Rh1 Rg6 48.
Rc1 Kd5 49. Rd1+ Ke6 50. Rc1 Rg8 51. Rh1 g4 52. hxg4 hxg4 53.
Rh6+ Kd5 54. Rh5 gxf3+ 55. gxf3 Rf8 56. Rh6 f4 57. Rxa6 Rh8 58. Nd2 Rh2+ 59. Kd3 Rh3 60. Ra5 e4+ 61. Nxe4 Rxf3+ 62. Kd2 Kxe4 63. Rxc5 Rf2+ 64. Ke1 Rxa2 65. Rc3 Rb2 66. Kf1 Kd4 67. Rc4+ Ke3 68. Rc3+ Ke4 69. Rc4+ Kf3 70. Rc3+ Kg4 71. Rd3 Kg5 72. Rc3 Kf5 73. Rd3 Rc2 74. b4 Ke4 75. Ra3 Rb2 76. Rc3 Rxb4 77. Ra3 Rb2 78. Rc3 Rb1+ 79. Kf2 Rb2+ 80. Kf1 f3 81. Rc8 Rb1+ 82. Kf2 Rb2+ 83. Kf1 f2 84. Re8+ Kf3 85. Rf8+ Ke3 86. Re8+ Kf3 87. Rf8+ Ke3 88. Re8+ 1/2-1/2

[Event "44th Chess Olympiad Women 2022"]
[Site "Chennai"]
[Date "2022.08.07"]
[Round "9.21"]
[White "Borda Rodas, Anapaola S."]
[Black "Hng, Mei-Xian Eunice"]
[Result "1/2-1/2"]
[WhiteElo "2183"]
[BlackElo "1823"]
[Annotator "RC"]
[PlyCount "77"]
[EventDate "2022.??.??"]
[TimeControl "60"]

1. e4 d6 2. d4 Nf6 3. Nc3 g6 4. Be3 Bg7 5. Qd2 c6 6. Bh6 Bxh6 7. Qxh6 Nbd7 8.
Nf3 e5 9. O-O-O Qe7 10. h3 Nb6 11. g4 exd4 12. Nxd4 Be6 13. Bg2 O-O-O 14. Rhe1 Nfd7 15. f4 Qf6 16. b3 Rhg8 17. a4 a5 18.
Kb1 g5 19. Qxf6 Nxf6 20. f5 Bd7 21. Nf3 Kc7 22. e5 dxe5 23.
Rxe5 Nbd5 24. Ne2 Rde8 25. Re1 Rxe5 26. Nxe5 Re8 27. Nd4 Nf4 28. Bf1 N6d5 29. c4 Nb4 30. f6 Ng6 31. Nd3 Nxd3 32. Rxe8 Bxe8 33. Bxd3 Nf4 34. Bxh7 Nxh3 35. Kc2 Kd6 36. Nf5+ Ke5 37. Kd2 b6 38. Ke3 Nf4 39. Ng7 1/2-1/2

[Event "44th Chess Olympiad Women 2022"]
[Site "Chennai"]
[Date "2022.08.07"]
[Round "9.21"]
[White "Fang, Kun"]
[Black "Sarquis, Maria Belen"]
[Result "0-1"]
[WhiteElo "1766"]
[BlackElo "2072"]
[Annotator "NA"]
[PlyCount "82"]
[EventDate "2022.??.??"]
[TimeControl "60"]

1. e4 e5 2. Nf3 Nc6 3. Bb5 a6 4. Ba4 Nf6 5. O-O Nxe4 6. d4 b5 7. Bb3 d5 8. dxe5 Be6 9. c3 Bc5 10. Qe2 O-O 11. Nbd2 Bf5 12. a4 Nxd2 13. Bxd2 Na5 14. Bd1 Nc4 15. Bg5 f6 16. Bh4 Qd7 17. b3 Nxe5 18. Nxe5 fxe5 19. Qxe5 Bd3 20. Bf3 Rf5 21. Qg3 Bxf1 22. Bg4 Be2 23. Bxf5 Qxf5 24. Qxc7 Rc8 25. Qb7 bxa4 26. bxa4 Bf8 27. Be7 Bxe7 28. Qxe7 Bc4 29. Re1 Rf8 30. f3 Qf7 31. Qe3 Qd7 32. a5 Qc7 33. Rb1 Bb5 34. Qe6+ Qf7 35. Qd6 Qd7 36. Qc5 Qc6 37. Qe3 Rc8 38. Qg5 h6 39. Qf5 Kh8 40. h3 Qxc3 41. Kh2 Bd3 0-1

[Event "44th Chess Olympiad Women 2022"]
[Site "Chennai"]
[Date "2022.08.07"]
[Round "9.21"]
[White "Liu, Yang Hazel"]
[Black "Campos, Maria Jose"]
[Result "1-0"]
[WhiteElo "2046"]
[BlackElo "2185"]
[Annotator "RC"]
[PlyCount "107"]
[EventDate "2022.??.??"]
[TimeControl "60"]

1. d4 Nf6 2. Nf3 e6 3. Bf4 d5 4. e3 c5 5. c3 Nc6 6. Nbd2 Bd6 7. Bg3 O-O 8. Bd3 b6 9. Qe2 a5 10. e4 Be7 11. e5 Nh5 12. a3 Bb7 13.
Ng5 Bxg5 14. Qxh5 g6 15. Qe2 cxd4 16. h4 Bh6 17. h5 g5 18.
Nf3 dxc3 19. bxc3 f5 20. exf6 Qxf6 21. O-O Rae8 22. Ne5 Bg7 23. Nd7 Qxc3 24. Nxf8 Bxf8 25. Qe3 Qd4 26. Qxg5+ Qg7 27. Qxg7+ Kxg7 28. Rfb1 Bc5 29. Bc7 Bd4 30. Ra2 Re7 31. Bxb6 Bf6 32. Bb5 Rf7 33. Bxc6 Bxc6 34. Bxa5 d4 35. a4 Kh6 36. Bd2+ Kxh5 37. a5 Bd5 38. Ra3 Be5 39. a6 Rg7 40. Rh3+ Kg4 41. Ra3 Kf5 42. g3 Ra7 43. Rb5 Bc6 44. Rb6 Bd5 45. Bb4 Bc4 46. Ra5 Bd5 47. f4 Bf6 48. Rb8 d3 49. Bd2 Bd4+ 50. Kf1 Rg7 51. Rb4 Ke4 52. Raa4 e5 53. fxe5 Rf7+ 54. Bf4 1-0

[Event "44th Chess Olympiad Women 2022"]
[Site "Chennai"]
[Date "2022.08.07"]
[Round "9.21"]
[White "Zuriel, Marisa"]
[Black "Khegay, Anjela"]
[Result "1-0"]
[WhiteElo "2174"]
[BlackElo "2131"]
[Annotator "NA RC"]
[PlyCount "51"]
[EventDate "2022.??.??"]
[TimeControl "60"]

1. e4 d6 2. d4 g6 3. Nc3 Bg7 4. Be3 a6 5. Qd2 b5 6. Nf3 Bb7 7. Bd3 Nd7 8. a4 b4 9. Ne2 a5 10. O-O Ngf6 11. Ng3 h5 12. e5 Ng4 13. e6 Nf8 14. exf7+ Kxf7 15. Ng5+ Kg8 16. c3 h4 17. N3e4 Bxe4 18. Bxe4 d5 19. Bf3 Nxe3 20. fxe3 bxc3 21. bxc3 Bh6 22. Nf7 Kxf7 23. Bxd5+ Kg7 24. Rf7+ Kg8 25. Rxf8+ Kxf8 26. Qf2+ 1-0

[Event "44th Chess Olympiad Women 2022"]
[Site "Chennai"]
[Date "2022.08.07"]
[Round "9.22"]
[White "Atalik, Ekaterina"]
[Black "Ouellet, Maili-Jade"]
[Result "1-0"]
[WhiteElo "2422"]
[BlackElo "2239"]
[Annotator "TA"]
[PlyCount "83"]
[EventDate "2022.??.??"]
[TimeControl "60"]

1. c4 e6 2. e4 d5 3. exd5 exd5 4. d4 Nf6 5. Nc3 Be7 6. Bd3 dxc4 7. Bxc4 O-O 8. Nge2 Nbd7 9.
O-O Nb6 10. Bb3 {[%emt 0:00:22] C01: French:
Exchange Variation.} Nbd5 {[%emt 0:09:19] has lost popularity (10...c6).} 11.
Nf4 Nxf4 12. Bxf4 {[%emt 0:00:20] The
position is equal.} Bf5 13. Re1 c6 14. d5 cxd5 15. Nxd5 Nxd5 16. Qxd5 Qxd5 17. Bxd5
{[%emt 0:00:06] [#]} Bf6 $146 ({Predecessor:} 17... Bb4 18.
Re5 Bd7 19. Re4 Bc5 20. Bxb7 Rad8 21. b4 Bf5 22. bxc5 Bxe4 23. Bxe4 Rd4 24. f3
f5 25. Be3 Rd7 26. c6 Rdd8 27. c7 {1-0 (27) Petronijevic,Z (2400)-Hoang,T 
(2360) Budapest 1996}) 18. Be5 Bxe5 19. Rxe5 Bd7 20. Re7 Bc6 21. Bxc6 bxc6 $16 {[%emt 0:00:04] Endgame KRR-KRR} 22.
Rc1 Rfe8 ({Black should try} 22... Rfb8 $14)
23. Rc7 $1 {[%emt 0:10:25] White is more active.} Re2 24. Rb7 (24. R7xc6 Rae8 25. Rc8 Kf8 $14) (24. g3 $1 $16) 24... g6 {
[%emt 0:00:48] [#]} ({Better is} 24... Kf8 $14) 25. g3 $1 Rd8 (25... Re6 $16) 26. Rxc6 $18 (26. Rxa7 Rdd2
27. Rf1 (27. Rxc6 Rxf2 28. Rc8+ Kg7 $17) 27... Rxb2 $11) 26... Rdd2 (26... Red2 $142 27. Rcc7 Rf8 28. Rxa7 Rxb2) 27. Rf6 (
27. Rxa7 Rxf2 28. Rc8+ Kg7 $17) 27... Rxb2 28. Rbxf7 ({Don't take} 28. Rxa7 $6 Rxa2 29. Raxf7 (29. Rfxf7 Rxf2 30. Rg7+ Kf8
$14) 29... g5 $16) 28... Rxa2 $2 (28... g5 29. a4 (29. Rxa7
Rxa2 30. Raf7 Ra1+ 31. Kg2 Rea2 $16) 29... Re1+ 30. Kg2 Re6 31. Rf8+ Kg7 32.
R6f7+ (32. Rxe6 Kxf8 33. Re5 g4 $18) 32... Kg6 33. Rxa7 h6) 29. Rf8+ Kg7 {[%emt 0:00:04] [#]} 30. R6f7+ $1 Kh6 31. Rh8 g5 32. Rhxh7+ Kg6 33. Rhg7+ Kh6 34. Rg8 ({Less strong is} 34. Rxa7 Rxa7 35. Rxa7
Kg6 36. Ra6+ Kg7 $18) 34... Re5 35. Ra8 Ree2 36. Rfxa7 Rab2 (36... Rxa7
37. Rxa7 Rc2) 37. Ra6+ {[%emt 0:00:55] White is clearly winning.} Kg7 38. R8a7+ Kg8 39. Rg6+ Kf8 40. Rf6+ Kg8 41.
Rf5 g4 42. Ra4 {[%emt 0:00:00] Inhibits Rb4.
Weighted Error Value: White=0.15 (very precise) /Black=0.38} 1-0

[Event "44th Chess Olympiad Women 2022"]
[Site "Chennai"]
[Date "2022.08.07"]
[Round "9.22"]
[White "Demchenko, Svitlana"]
[Black "Aydin, Gulenay"]
[Result "1/2-1/2"]
[WhiteElo "2122"]
[BlackElo "2100"]
[Annotator "RC"]
[PlyCount "118"]
[EventDate "2022.??.??"]
[TimeControl "60"]

1. e4 c6 2. Nf3 d5 3. Nc3 dxe4 4. Nxe4 Nf6 5. Qe2 Nxe4 6. Qxe4 Nd7 7. d4 Nf6 8. Qf4 g6 9. Bd3 Bg7 10. O-O O-O 11. Re1 Bg4 12. Ne5 Be6 13.
Qh4 Qc8 14. Be3 Bf5 15. Rad1 Bxd3 16. Rxd3 h5 17. h3 Qe6 18. Bd2 Qxa2 19. Rb3 Qa6 20. g4 Rad8 21. gxh5 Nxh5 22. Qxe7 Rxd4 23. Bc3 Rdd8 24. Qxb7 Qa4 25. Qb4 Qa6 26. Qb7 Qa4 27. Nxc6 Bxc3 28. Rxc3 Rde8 29. Ne7+ Kh8 30. Qe4 Qxe4 31.
Rxe4 Nf6 32. Rh4+ Kg7 33. Nf5+ gxf5 34. Rg3+ Ng4 35. hxg4 f4 36. Rc3 Rb8 37. b3 Rbc8 38. Rhh3 Kg6 39. Rhd3 Kg5 40. f3 Rfd8 41. Rxc8 Rxc8 42. c4 Rc5 43. Kf2 a5 44. Rd8 a4 45. bxa4 Rxc4 46. Rd5+ Kg6 47. a5 Rc2+ 48. Ke1 Ra2 49. g5 Kh5 50. Rf5 Kg6 51. Rb5 Kh5 52. Rf5 Kg6 53. Rxf4 Rxa5 54. Rf6+ Kxg5 55. Rxf7 Ra2 56. Kf1 Rb2 57. f4+ Kg4 58. f5 Kg5 59. f6 Rb6 1/2-1/2

[Event "44th Chess Olympiad Women 2022"]
[Site "Chennai"]
[Date "2022.08.07"]
[Round "9.22"]
[White "Guo, Yu Han"]
[Black "Onur, Cigdem"]
[Result "1-0"]
[WhiteElo "1630"]
[BlackElo "2000"]
[Annotator "NA"]
[PlyCount "89"]
[EventDate "2022.??.??"]
[TimeControl "60"]

1. d4 Nf6 2. c4 e6 3. Nc3 Bb4 4. e3 O-O 5. Bd2 d5 6. a3 Be7 7. Nf3 b6 8. cxd5 exd5 9. Bd3 Bb7 10. b4 Nbd7 11. Qb1 Rb8 12. Ne5 c5 13. O-O Nxe5 14. dxe5 Ne4 15. Ra2 f5 16. f3 Nxd2 17. Rxd2 cxb4 18. Ne2 Qc7 19. f4 Bc5 20. Nd4 Bxd4 21. exd4 Qc3 22. Qxb4 Rbc8 23. Re1 g6 24. Bb5 Qxb4 25. axb4 Bc6 26. Ba6 Rce8 27. Rc1 Re6 28. Rdc2 Ba4 29. Ra2 b5 30. Bb7 Rd8 31. Rc5 Ree8 32. Ra3 Kf8 33. Bxd5 Re7 34. e6 Kg7 35. Rd3 Bc2 36. Rd2 Ba4 37. Ba2 Kf6 38. Kf2 Rd6 39. Ke3 h6 40. g3 g5 41. fxg5+ Kxg5 42. Rf2 Ra6 43. Rcxf5+ Kg4 44. R2f4+ Kh3 45. Ke4 1-0

[Event "44th Chess Olympiad Women 2022"]
[Site "Chennai"]
[Date "2022.08.07"]
[Round "9.22"]
[White "Okuyaz, Duru"]
[Black "Mills, Morgen"]
[Result "0-1"]
[WhiteElo "2090"]
[BlackElo "1993"]
[Annotator "NA"]
[PlyCount "96"]
[EventDate "2022.??.??"]
[TimeControl "60"]

1. e4 c6 2. Nc3 d5 3. Nf3 Bg4 4. Be2 Nf6 5. e5 Nfd7 6. d4 e6 7. Ng5 Bf5 8. Bh5 Bg6 9. Bxg6 hxg6 10. Qg4 Qe7 11. O-O Na6 12. Ne2 O-O-O 13. Qf3 f6 14. Nf4 Qe8 15. exf6 gxf6 16. Ngxe6 Bd6 17. Nxd8 g5 18. Nde6 Qxe6 19. h3 gxf4 20. Bxf4 Rh4 21. Bxd6 Qxd6 22. c3 Re4 23. Rfe1 Qe6 24. Rxe4 dxe4 25. Qe2 f5 26. c4 Nb4 27. b3 Nd3 28. f3 Qd6 29. Qe3 Qg3 30. Kf1 f4 31. Qe2 e3 32. Kg1 Nf2 33.
Qe1 Nxh3+ 34. Kf1 Nf2 35. Ke2 Qg7 36. g4 Qxd4 37. Kf1 Ne5 38.
Kg2 Ned3 39. Qa5 Qxa1 40. Qf5+ Kc7 41. Qa5+ Kd6 42. Qd8+ Kc5 43. Qa5+ b5 44. Qxa7+ Kb4 45. Qe7+ c5 46. Qh7 Qh1+ 47. Qxh1 Nxh1 48. cxb5 e2 0-1

[Event "44th Chess Olympiad Women 2022"]
[Site "Chennai"]
[Date "2022.08.07"]
[Round "9.23"]
[White "Martynkova, Olena"]
[Black "Gomez Barrera, Javiera Belen"]
[Result "1/2-1/2"]
[WhiteElo "2213"]
[BlackElo "2210"]
[Annotator "RC"]
[PlyCount "66"]
[EventDate "2022.??.??"]
[TimeControl "60"]

1. d4 Nf6 2. Nf3 g6 3. c4 Bg7 4. g3 O-O 5. Bg2 c6 6. O-O d5 7. cxd5 cxd5 8. Ne5 Ng4 9. Nxg4 Bxg4 10. Nc3 Nc6 11. h3 Bd7 12. e3 e6 13.
Bd2 Rc8 14. Rc1 Qc7 15. Na4 b6 16. b4 Qb8 17. Qb3 Ne7 18.
b5 Rxc1 19. Rxc1 Rc8 20. Nb2 Rxc1+ 21. Bxc1 Qc7 22. Bd2 Nf5 23. a4 Nd6 24. Qc3 Qxc3 25. Bxc3 Bf8 26. Bf1 f6 27. Bd3 Kf7 28. h4 Be7 29. Kg2 Kg7 30. Kf1 Be8 31. Kg2 Bd7 32. Kf1 Be8 33. Kg2 Bd7 1/2-1/2

[Event "44th Chess Olympiad Women 2022"]
[Site "Chennai"]
[Date "2022.08.07"]
[Round "9.23"]
[White "Morales Flores, Monserrat"]
[Black "Baginskaite, Kamile"]
[Result "1/2-1/2"]
[WhiteElo "1946"]
[BlackElo "2134"]
[Annotator "NA"]
[PlyCount "67"]
[EventDate "2022.??.??"]
[TimeControl "60"]

1. e4 c5 2. Nf3 d6 3. d4 cxd4 4. Nxd4 Nf6 5. Nc3 a6 6. Be2 e5 7. Nf3 Be7 8. Bg5 Nbd7 9. a4 h6 10. Be3 Qc7 11. Nd2 Nc5 12. a5 Be6 13.
O-O O-O 14. f3 Rac8 15. Nb3 Qc6 16. Nxc5 dxc5 17. Na4 c4 18. Qe1 Nd7 19. Qg3 Kh8 20. Kh1 Rce8 21. f4 exf4 22. Bxf4 Bf6 23. Nc3 Nc5 24. Bxh6 Bc8 25. Bg5 Bxg5 26. Qxg5 Nxe4 27. Qh4+ Qh6 28. Qxh6+ gxh6 29. Nxe4 Rxe4 30. Bf3 Re5 31.
Ra4 Bd7 32. Rb4 Rxa5 33. Rxb7 Be6 34. Kg1 1/2-1/2

[Event "44th Chess Olympiad Women 2022"]
[Site "Chennai"]
[Date "2022.08.07"]
[Round "9.23"]
[White "Sanchez Tobar, Francisca Valenti"]
[Black "Sibajeva, Marija"]
[Result "1-0"]
[WhiteElo "1839"]
[BlackElo "2032"]
[Annotator "NA RC"]
[PlyCount "51"]
[EventDate "2022.??.??"]
[TimeControl "60"]

1. e4 d5 2. exd5 Qxd5 3. Nc3 Qa5 4. d4 Nf6 5. Nf3 Bf5 6. Bc4 e6 7. Bd2 Bb4 8. a3 Bxc3 9. Bxc3 Qb6 10. Qe2 O-O 11. O-O-O Nc6 12. Nh4 Ne4 13. Nxf5 exf5 14. Qf3 Nxc3 15. bxc3 Ne7 16. Rde1 Qd6 17. Kb2 b5 18. Bb3 a5 19. Re5 b4 20. a4 Rfb8 21. Rc5 bxc3+ 22. Qxc3 c6 23. Qc4 Qf6 24. Ka2 Rb4 25. Rxa5 Rab8 26. Qxb4 1-0

[Event "44th Chess Olympiad Women 2022"]
[Site "Chennai"]
[Date "2022.08.07"]
[Round "9.23"]
[White "Zaksaite, Salomeja"]
[Black "Reyes Jara, Paula"]
[Result "1-0"]
[WhiteElo "2212"]
[BlackElo "1858"]
[Annotator "NA RC"]
[PlyCount "55"]
[EventDate "2022.??.??"]
[TimeControl "60"]

1. e4 e5 2. Nf3 Nc6 3. Bc4 Bc5 4. d3 Nf6 5. Nbd2 a6 6. h3 d6 7. c3 Ba7 8. Bb3 h6 9. Nf1 Ne7 10. Ne3 g5 11. Qe2 Ng6 12. g3 Be6 13.
Nf5 Qd7 14. Ng7+ Kf8 15. Nxe6+ fxe6 16. h4 g4 17. Nh2 Qf7 18. Bd2 Kg7 19. O-O-O Raf8 20. h5 Nxh5 21. Nxg4 Bxf2 22. Rxh5 Nf4 23. gxf4 Qxh5 24. Qxf2 Kh7 25. Bxe6 Qe8 26.
Bf5+ Kg7 27. fxe5 h5 28. Rg1 1-0

[Event "44th Chess Olympiad Women 2022"]
[Site "Chennai"]
[Date "2022.08.07"]
[Round "9.24"]
[White "Koljevic, Nikolina"]
[Black "Berke, Ana"]
[Result "1-0"]
[WhiteElo "2014"]
[BlackElo "2163"]
[Annotator "ChessBase"]
[PlyCount "77"]
[EventDate "2022.??.??"]
[TimeControl "60"]

1. e4 c5 2. Nf3 d6 3. d4 cxd4 4. Nxd4 Nf6 5. Nc3 Nc6 6. g3 e5 7. Nb3 h6 8. h3 Be6 9. Bg2 Bc4 10. Be3 a5 11. Nd2 Ba6 12. Nd5 Nxd5 13.
exd5 Nd4 14. Bxd4 exd4 15. Qg4 Be7 16. Qxg7 Bf6 17. Qg4 Rc8 18. Be4 Kf8 19. Qf5 Rg8 20. h4 a4 21. Bd3 a3 22. Bxa6 bxa6 23.
Rb1 axb2 24. O-O Bxh4 25. Rxb2 Bxg3 26. fxg3 Rxg3+ 27. Kf2 Rg5 28. Qf4 Qd7 29. Ke2 Re8+ 30. Kd1 Qe7 31. Ne4 Rg6 32. Rb6 d3 33. cxd3 Kg8 34. Nf6+ Rxf6 35. Qxf6 Qe2+ 36. Kc1 Qe3+ 37. Kc2 Qc5+ 38. Kd1 Rf8 39. d4 1-0

[Event "44th Chess Olympiad Women 2022"]
[Site "Chennai"]
[Date "2022.08.07"]
[Round "9.24"]
[White "Medic, Mirjana"]
[Black "Milovic, Aleksandra"]
[Result "1/2-1/2"]
[WhiteElo "2194"]
[BlackElo "2129"]
[Annotator "RC"]
[PlyCount "115"]
[EventDate "2022.??.??"]
[TimeControl "60"]

1. d4 Nf6 2. c4 e6 3. Nf3 b6 4. g3 Bb7 5. Bg2 Bb4+ 6. Nbd2 c5 7. dxc5 Bxc5 8. O-O O-O 9. a3 d5 10. b4 Be7 11. Bb2 Nbd7 12. Re1 a5 13.
cxd5 axb4 14. axb4 Nxd5 15. b5 Nc5 16. Ne5 Bf6 17. Ndc4 Qc7 18.
e4 Ne7 19. Qe2 Ng6 20. f4 Rfd8 21. Qe3 Be7 22. Nxg6 hxg6 23. Be5 Qd7 24. Nxb6 Qxb5 25. Rab1 Qc6 26. Nxa8 Rxa8 27. Qc3 f5 28. Bxg7 Nxe4 29. Qxc6 Bxc6 30. Bd4 g5 31. fxg5 Bxg5 32. Be5 Be7 33. Bxe4 Bxe4 34. Rb8+ Rxb8 35. Bxb8 Bc5+ 36. Kf1 Bd3+ 37. Kg2 Be4+ 38. Kh3 Kf7 39. Be5 Kg6 40. Rc1 Be3 41. Rc7 Bh6 42. Rc8 Bf3 43. Rg8+ Kf7 44. Rb8 Kg6 45. Rb6 Bd5 46. Bf4 Bg7 47. g4 Bd4 48. Ra6 Bc4 49. Rd6 Bf6 50.
Kg3 fxg4 51. Kxg4 Be2+ 52. Kg3 Kf5 53. Rd2 Bh5 54. Rf2 Ke4 55.
Bc1 Bc3 56. Kh4 Be1 57. Kxh5 Bxf2 58. Kg4 1/2-1/2

[Event "44th Chess Olympiad Women 2022"]
[Site "Chennai"]
[Date "2022.08.07"]
[Round "9.24"]
[White "Mosurovic, Milena"]
[Black "Ivekovic, Tihana"]
[Result "0-1"]
[WhiteElo "1452"]
[BlackElo "2082"]
[Annotator "NA RC"]
[PlyCount "92"]
[EventDate "2022.??.??"]
[TimeControl "60"]

1. e4 e6 2. d3 d5 3. Nd2 c5 4. Ngf3 Bd6 5. g3 Nc6 6. Bg2 Nge7 7. O-O O-O 8. Re1 Qc7 9. c3 d4 10. cxd4 cxd4 11. Nc4 e5 12. Nxd6 Qxd6 13. Nh4 Bd7 14. f4 Rac8 15. fxe5 Nxe5 16. Bf4 f6 17. Nf3 Kh8 18. Qd2 N7g6 19. Bxe5 Nxe5 20. Rac1 b6 21. Nxe5 fxe5 22. Rxc8 Rxc8 23. Rc1 h6 24. Rxc8+ Bxc8 25. Qc2 Qc5 26. Qxc5 bxc5 27. Kf2 Be6 28. b3 Kg8 29. Ke2 Kf7 30. h3 a5 31. Kd2 Kf6 32. Ke2 Ke7 33.
Kd2 a4 34. Kc2 axb3+ 35. axb3 Kf6 36. Kb2 Kg5 37. Ka3 h5 38. Ka4 h4 39. gxh4+ Kxh4 40. Kb5 Bxb3 41. Kxc5 Kg3 42. Bh1 Bc2 43. Kd5 Kf4 44. Kc4 Ke3 45. Kd5 Bxd3 46. Kxe5 Be2 0-1

[Event "44th Chess Olympiad Women 2022"]
[Site "Chennai"]
[Date "2022.08.07"]
[Round "9.24"]
[White "Radikovic, Anamarija"]
[Black "Bacic, Kristina"]
[Result "1-0"]
[WhiteElo "2099"]
[BlackElo "1866"]
[Annotator "NA"]
[PlyCount "77"]
[EventDate "2022.??.??"]
[TimeControl "60"]

1. e4 c6 2. d4 d5 3. e5 c5 4. dxc5 e6 5. a3 Bxc5 6. Nf3 Ne7 7. b4 Bb6 8. Bd3 Ng6 9. O-O O-O 10. Bb2 a5 11. Bxg6 hxg6 12. Nbd2 Qe7 13. c4 axb4 14. axb4 Rxa1 15. Qxa1 Na6 16. c5 Bc7 17. Ba3 Qd7 18. Rb1 Qb5 19. Bb2 Re8 20. Bc3 b6 21. c6 Qd3 22. Re1 Nb8 23. Nd4 Qa6 24. b5 Qxa1 25.
Bxa1 f6 26. f4 g5 27. g3 gxf4 28. gxf4 g5 29. N4f3 gxf4 30. exf6 Kf7 31. Kf2 e5 32. Nxe5+ Kxf6 33. Ng4+ Kf7 34. Nh6+ Kf8 35. Bg7+ Kxg7 36. Rxe8 Kxh6 37. Rxc8 Bd6 38. c7 Bc5+ 39. Kf1 1-0

[Event "44th Chess Olympiad Women 2022"]
[Site "Chennai"]
[Date "2022.08.07"]
[Round "9.25"]
[White "Ortez, Andrea"]
[Black "Unuk, Laura"]
[Result "1-0"]
[WhiteElo "1908"]
[BlackElo "2340"]
[Annotator "RC"]
[PlyCount "91"]
[EventDate "2022.??.??"]
[TimeControl "60"]

1. e4 c6 2. d4 d5 3. exd5 cxd5 4. c4 Nf6 5. Nc3 g6 6. Qb3 Bg7 7. cxd5 O-O 8. g3 b6 9. Bg2 Bb7 10. Nge2 Na6 11. O-O Qd7 12. a4 Nc7 13. Nf4 Rab8 14. Re1 Rfd8 15. Bh3 Qe8 16. a5 b5 17. Qb4 Bf8 18. Qc5 Ncxd5 19. Nfxd5 Nxd5 20. Nxd5 Bxd5 21. Qxa7 e6 22. Qc7 Bd6 23. Qc2 Rdc8 24. Qd1 Rc4 25. Bh6 Qc6 26. Qg4 Bf8 27. Bf4 Bf3 28. Qg5 h6 29. Qe5 Rc8 30. Qe3 Bg7 31. Be5 Bd5 32. a6 Ra8 33. a7 Qb7 34. Bf1 Rb4 35. Qc3 Rb3 36. Qc5 Rxb2 37. Rec1 Bh1 38. Bxg7 Kxg7 39. Qe5+ Kg8 40. d5 Rd2 41. dxe6 Qf3 42. exf7+ Qxf7 43. Qe3 Rd7 44. Kxh1 Raxa7 45. Rxa7 Rxa7 46. Qxh6 1-0